 Dungeon Crawl Stone Soup version 0.22-b1-26-g9dbaab1 (webtiles) character file.

810 dracos369 the Cudgeler (level 7, 0/70 HPs)
             Began as an Ogre Chaos Knight on Aug 8, 2018.
             Slain by a sky beast (6 damage)
             ... on level 5 of the Dungeon.
             The game lasted 00:14:40 (4407 turns).

dracos369 the Cudgeler (Ogre Chaos Knight)          Turns: 4407, Time: 00:14:41

Health: 0/70       AC:  5    Str: 18    XL:     7   Next: 92%
Magic:  8/8        EV: 13    Int: 13    God:    Xom [...*..]
Gold:   260        SH:  4    Dex:  9    Spells: 6/6 levels left

rFire    . . .     SeeInvis .   A - +0 giant club
rCold    . . .     Gourm    .   (shield currently unavailable)
rNeg     . . .     Faith    .   b - +2 robe
rPois    .         Spirit   .   (helmet restricted)
rElec    .         Reflect  +   (no cloak)
rCorr    .         Harm     .   (gloves unavailable)
MR       .....                  (boots unavailable)
Stlth    +.........             m - +4 amulet of reflection
HPRegen  0.21/turn              p - +3 ring of evasion
MPRegen  0.11/turn              (no ring)

@: no status effects
A: large, unfitting armour, tough skin 1, wild magic 1
a: Renounce Religion


You were on level 5 of the Dungeon.
You worshipped Xom.
You were a favourite toy of Xom.
You were not hungry.

You visited 1 branch of the dungeon, and saw 5 of its levels.

You collected 260 gold pieces.

Inventory:

Hand Weapons
 a - a +0 mace of chaos
 w - a +0 giant spiked club
 x - the +4 quarterstaff of the Tired Tables {elec, Str+3}
   (You found it on level 4 of the Dungeon)

   Occasionally, upon striking a foe, it will discharge some electrical energy
   and cause terrible harm.
   It affects your strength (+3).
 A - a +0 giant club (weapon)
 B - the +3 Elemental Staff {rElec rF++ rC++ MR++ AC+5}
   (You found it on level 5 of the Dungeon)

   It affects your AC (+5).
   It greatly protects you from fire.
   It greatly protects you from cold.
   It insulates you from electricity.
   It affects your resistance to hostile enchantments.
Missiles
 o - 7 tomahawks (quivered)
 v - a throwing net
Armour
 b - a +2 robe (worn)
Jewellery
 m - a +4 amulet of reflection (around neck)
 p - a +3 ring of evasion (left hand)
 q - an uncursed ring of fire
 s - an uncursed amulet of faith {unknown}
Wands
 d - a wand of iceblast (10)
 r - a wand of random effects (27)
Scrolls
 e - 6 scrolls of identify {unknown}
 g - 2 scrolls of amnesia {unknown}
 i - 3 scrolls of enchant weapon {unknown}
 k - a scroll of random uselessness {unknown}
 l - 5 scrolls of enchant armour {unknown}
 n - a scroll of immolation {unknown}
 t - 3 scrolls of remove curse {unknown}
 y - a scroll of fear {unknown}
Potions
 f - 2 potions of resistance {unknown}
 h - 3 potions of curing
 j - a potion of flight {unknown}
 u - 2 potions of mutation {unknown}
 C - a potion of might {unknown}
Comestibles
 c - 9 rations
 z - 4 chunks of flesh


   Skills:
 - Level 4.0 Fighting
 * Level 6.8 Maces & Flails
 + Level 3.7 Throwing
 - Level 2.1 Dodging
 + Level 2.4 Evocations


You had 6 spell levels left.
You didn't know any spells.
Your spell library was empty.

Dungeon Overview and Level Annotations

Branches:
Dungeon (5/15)             Temple (0/1) D:5

Altars:
Ashenzari
Uskayaw
Xom
Zin
The Shining One

Annotations:
D:3 1 runed door, Nilihum's ghost, amateur MfGl


Innate Abilities, Weirdness & Mutations

You are too large for most types of armour.
You have tough skin. (AC +1)
Your spells are a little harder to cast, but a little more powerful.


Message History

The sky beast hits you but does no damage.
You hit the sky beast but do no damage.
The sky beast is moderately wounded.
The leopard gecko bites you.
* * * LOW HITPOINT WARNING * * *
The orc closely misses you. The orc hits you but does no damage.
The sky beast hits you.
* * * LOW HITPOINT WARNING * * *
The sky beast shocks you.
* * * LOW HITPOINT WARNING * * *
The leopard gecko bites you.
* * * LOW HITPOINT WARNING * * *
You closely miss the sky beast.
The sky beast is moderately wounded.
The orc hits you but does no damage. The orc barely misses you.
The sky beast hits you.
* * * LOW HITPOINT WARNING * * *
The sky beast shocks you.
You die...
Xom titters!

..# #.# ...# #... ...#
#... # ...# #.....# #
#.. ..# ..#########
#..##..##..##.........<.
....(o#o.#....##########
o #l@Y.#....... ...##
#.o##..#..# #...
#..o##...#.# ###
#..........## ##. l
.......###...# ###..
.......# #...# #...#
##...## #...# ##.## ###.
#...### #..# #?
#.....### ##.#


You could see a sky beast, 4 orcs and a leopard gecko.

Vanquished Creatures
  2 ogres
  A phantom (D:4)
  A killer bee (shapeshifter) (D:3)
  A centaur zombie (D:5)
  2 hounds
  A bullfrog skeleton (D:4)
  An orc priest (D:4)
  An iguana (D:4)
  A worker ant (D:5)
  4 orc wizards
  7 gnolls
  2 adders
  An ooze (D:3)
  3 worms (D:2)
  An adder skeleton (D:5)
  3 dart slugs
  2 leopard geckos
  8 orcs
  4 giant cockroaches
  10 goblins
  10 hobgoblins
  A jackal (shapeshifter) (D:2)
  4 jackals
  4 kobolds
  4 quokkas
  A ball python (D:2)
  12 bats
  10 frilled lizards
  A jackal zombie (D:5)
  7 rats
110 creatures vanquished.

Notes
Turn   | Place    | Note
-------+----------+-------------------------------------------
     0 | D:1      | dracos369 the Ogre Chaos Knight began the quest for the Orb.
     0 | D:1      | Reached XP level 1. HP: 24/24 MP: 1/1
    33 | D:1      | Reached skill level 3 in Maces & Flails
   196 | D:1      | Reached XP level 2. HP: 32/32 MP: 2/2
   342 | D:1      | Reached XP level 3. HP: 27/39 MP: 3/3
   431 | D:2      | XOM: harmless Fire miscast
   442 | D:2      | XOM: divination: magic mapping
   449 | D:2      | Reached skill level 4 in Maces & Flails
   682 | D:2      | Reached XP level 4. HP: 15/48 MP: 4/4
  1310 | D:2      | XOM: harmless Tloc miscast
  1320 | D:2      | XOM: divination: detect creatures
  1361 | D:2      | XOM: summons 2 hostile demons
  1415 | D:2      | XOM: polymorph frilled lizard -> jackal
  1535 | D:2      | Reached skill level 5 in Maces & Flails
  1569 | D:2      | Reached XP level 5. HP: 34/54 MP: 5/5
  1630 | D:2      | XOM: god gift: chain mail {god gift}
  1746 | D:3      | Reached skill level 1 in Throwing
  2130 | D:3      | Reached XP level 6. HP: 62/62 MP: 6/6
  2244 | D:3      | Found a runed door.
  2245 | D:3      | Noticed Nilihum's ghost (amateur MfGl)
  2880 | D:4      | Found a glowing golden altar of the Shining One.
  2917 | D:4      | Reached skill level 1 in Evocations
  2950 | D:4      | Noticed a phantom
  2971 | D:4      | Killed a phantom
  2971 | D:4      | Reached skill level 6 in Maces & Flails
  3044 | D:4      | XOM: god gift: 22 arrows
  3079 | D:4      | Got an ichor-stained quarterstaff
  3080 | D:4      | Identified the +4 quarterstaff of the Tired Tables {elec, Str+3} (You found it on level 4 of the Dungeon)
  3176 | D:4      | Reached XP level 7. HP: 70/70 MP: 8/8
  3701 | D:4      | Found a shattered altar of Ashenzari.
  3701 | D:4      | Found a shimmering altar of Xom.
  3927 | D:4      | XOM: give mutation
  3927 | D:4      | Gained mutation: Your spells are a little harder to cast, but a little more powerful. [Xom's grace]
  3947 | D:4      | XOM: scenery: 1 doors close
  3960 | D:5      | Entered Level 5 of the Dungeon
  4021 | D:3      | Found a hide-covered altar of Uskayaw.
  4119 | D:5      | XOM: god gift: faintly glowing scimitar {god gift}
  4156 | D:5      | Found a glowing silver altar of Zin.
  4171 | D:5      | Found the +3 Elemental Staff {rElec rF++ rC++ MR++ AC+5}
  4173 | D:5      | XOM: cast spell 'Summon Butterflies'
  4335 | D:5      | XOM: divination: detect creatures
  4374 | D:5      | Found a staircase to the Ecumenical Temple.
  4407 | D:5      | Slain by a sky beast

Skill      XL: |  1  2  3  4  5  6  7 |
---------------+----------------------+-----
Maces & Flails | 3 4 5 6 |  6.8
Throwing       | 2 3 |  3.7
Evocations     | 1 2 |  2.4
Fighting       | |  4.0
Dodging        | |  2.1

Action                   |  1- 3 |  4- 6 |  7- 9 || total
-------------------------+-------+-------+-------++-------
Melee: Mace              |    97 |   193 |       ||   290
       Quarterstaff      |       |    13 |    49 ||    62
       Giant spiked club |       |     8 |       ||     8
       Giant club        |       |       |    23 ||    23
Throw: Tomahawk          |       |     3 |       ||     3
       Throwing net      |       |     2 |       ||     2
  Use: Potion            |     2 |       |     1 ||     3
 Stab: Confused          |     2 |       |       ||     2
       Paralysed         |       |     1 |       ||     1
       Held in net/web   |       |     2 |       ||     2
  Eat: Chunk             |       |     8 |     4 ||    12
Armor: Robe              |    63 |    79 |    29 ||   171
Dodge: Dodged            |    93 |   152 |    43 ||   288
Block: Other             |     8 |    48 |    11 ||    67
